Map: Acid Plant LE

Players

Nerchio

  • Race: Zerg Zerg
  • Spawn Location: 5:00

Serral - Winner!

  • Race: Zerg Zerg
  • Spawn Location: 11:00

Event: IEM Season 12 - Katowice

VOD

Have the link to the VOD?

Description

Time

  • Played on: March 2, 2018, 11:18 a.m.
  • Length: 11:00

All games in this series

Show
View Real Time Build Order
Export as new Build Order

Nerchio Zerg 

Build Orders: Hatch First, Zergling Baneling 

Get SALT Encoding   

  12  0:00  Drone  
  13  0:13  Overlord  
  13  0:18  Drone  
  14  0:31  Drone  
  14  0:32  Drone  
  14  0:35  Drone  
  17  0:52  Hatchery  
  17  0:55  Drone  
  17  0:58  Drone  
  18  1:08  Extractor  
  17  1:14  Spawning Pool  
  17  1:18  Drone  
  17  1:21  Drone  
  18  1:28  Drone  
  19  1:39  Overlord  
  19  1:50  Drone  
  20  2:01  Queen, Zergling x2  
  22  2:04  Queen  
  22  2:05  Zergling x2  
  22  2:08  Metabolic Boost  
  26  2:11  Drone  
  28  2:15  Drone  
  28  2:22  Drone  
  29  2:26  Drone  
  30  2:34  Drone  
  31  2:41  Hatchery  
  30  2:47  Baneling Nest  
  30  2:49  Drone  
  30  2:51  Drone  
  30  2:53  Drone  
  32  3:01  Overlord  
  32  3:05  Queen  
  32  3:08  Drone  
  36  3:12  Drone  
  36  3:20  Drone x3, Zergling x2  
  36  3:22  Zergling x2  
  36  3:24  Drone  
  42  3:28  Overlord  
  41  3:35  Drone x2  
  41  3:38  Baneling  
  41  3:39  Baneling  
  43  3:41  Zergling x2  
  43  3:46  Zergling x2  
  43  3:48  Evolution Chamber, Zergling x4  
  45  3:51  Zergling x2  
  45  3:52  Zergling x2  
  48  3:55  Baneling x2  
  48  3:56  Zergling x2  
  48  3:59  Zergling x2  
  48  4:03  Zergling x2  
  48  4:05  Zergling x2  
  48  4:07  Queen  
  48  4:09  Zergling x2  
  50  4:14  Drone, Overlord  
  50  4:15  Drone, Zerg Missile Weapons Level 1  
  52  4:17  Drone  
  52  4:20  Drone x2  
  52  4:24  Drone  
  56  4:25  Drone  
  56  4:26  Drone  
  57  4:34  Drone x2  
  57  4:36  Drone x2  
  57  4:37  Drone x3  
  63  4:40  Baneling x2  
  63  4:43  Drone  
  63  4:44  Drone  
  65  4:47  Drone, Extractor  
  65  4:48  Extractor  
  65  4:50  Baneling x2, Zergling x2  
  65  4:52  Baneling  
  65  5:00  Zergling x2  
  65  5:01  Zergling x4  
  65  5:02  Zergling x2  
  65  5:04  Zergling x2  
  65  5:06  Zergling x2  
  65  5:08  Zergling x2  
  65  5:09  Zergling x2  
  65  5:13  Baneling  
  65  5:14  Baneling  
  65  5:17  Zergling x2  
  65  5:18  Overlord x2  
  65  5:20  Baneling  
  65  5:21  Overlord  
  65  5:23  Overlord x2  
  65  5:24  Roach Warren  
  64  5:32  Drone x5  
  64  5:34  Zergling x2  
  58  5:37  Zergling x2  
  58  5:39  Queen x2  
  58  5:41  Zergling x2  
  56  5:46  Zergling x2  
  56  5:48  Zergling x2  
  56  5:49  Zergling x2  
  54  6:00  Drone x5  
  54  6:01  Drone  
  60  6:06  Lair  
  60  6:09  Drone, Baneling x2  
  60  6:10  Drone  
  62  6:12  Drone  
  63  6:19  Extractor  
  63  6:21  Drone x2  
  63  6:23  Drone x3, Extractor  
  63  6:24  Drone  
  66  6:36  Roach x3  
  71  6:43  Roach x2  
  71  6:46  Roach  
  77  6:47  Drone  
  77  6:48  Drone x2  
  77  6:49  Drone  
  77  6:50  Drone x2  
  83  6:55  Roach  
  84  7:05  Zerg Missile Weapons Level 2, Glial Reconstitution  
  84  7:06  Roach x2  
  84  7:07  Roach x2  
  90  7:12  Roach  
  90  7:13  Roach  
  90  7:14  Drone  
  93  7:18  Roach  
  93  7:19  Roach  
  93  7:21  Roach  
  99  7:23  Roach, Hatchery  
  99  7:24  Roach  
  99  7:26  Overlord  
  99  7:29  Overlord  
  102  7:31  Overlord  
  102  7:33  Overlord  
  102  7:43  Drone x3  
  105  7:46  Roach x4  
  105  7:48  Roach x2  
  105  7:51  Roach  
  119  7:52  Roach  
  119  7:53  Roach  
  119  7:55  Roach  
  119  7:57  Roach  
  119  7:58  Roach  
  129  8:01  Roach  
  129  8:02  Roach  
  129  8:04  Roach  
  135  8:06  Overlord  
  135  8:08  Overlord  
  135  8:10  Overlord  
  135  8:14  Overlord x2  
  135  8:20  Ravager x2  
  135  8:24  Overlord  
  135  8:25  Roach  
  135  8:26  Roach x3  
  145  8:29  Overlord  
  145  8:31  Roach  
  145  8:32  Roach  
  149  8:34  Roach  
  149  8:38  Ravager x2  
  149  8:39  Roach  
  155  8:42  Queen  
  155  8:45  Hydralisk Den  
  155  8:48  Spore Crawler  
  155  8:51  Spore Crawler x2  
  155  8:53  Spore Crawler  
  155  8:54  Drone x3  
  153  8:58  Drone x3  
  153  8:59  Drone  
  153  9:00  Drone  
  153  9:01  Drone  
  159  9:03  Drone  
  159  9:04  Drone  
  155  9:10  Overlord  
  155  9:14  Hydralisk x3  
  155  9:15  Hydralisk  
  160  9:19  Hydralisk x2  
  160  9:23  Hydralisk  
  164  9:25  Hydralisk  
  164  9:26  Hydralisk  
  164  9:29  Hydralisk  
  164  9:30  Hydralisk  
  169  9:35  Roach x2  
  169  9:38  Roach  
  168  9:39  Roach  
  168  9:41  Roach  
  172  9:46  Overlord  
  172  9:51  Overlord  
  172  9:53  Overlord  
  172  9:55  Overlord  
  172  9:57  Overlord  
  172  10:02  Overlord x2  
  172  10:04  Overlord  
  172  10:06  Roach  
  174  10:07  Roach  
  174  10:10  Roach  
  174  10:11  Roach  
  180  10:14  Roach x2  
  180  10:15  Roach  
  180  10:18  Roach  
  180  10:20  Roach x2  
  182  10:22  Roach  
  182  10:24  Roach  
  182  10:25  Roach  
  182  10:27  Roach x2  
  178  10:29  Roach  
  178  10:34  Roach x2  
  180  10:35  Roach  
  180  10:36  Roach  
  180  10:37  Roach  
  180  10:38  Roach  
  180  10:40  Roach  
Show
View Real Time Build Order
Export as new Build Order

Serral Zerg - Winner!

Build Orders: Hatch First, Muta Ling Bane 

Get SALT Encoding   

  12  0:00  Drone  
  13  0:12  Overlord  
  13  0:16  Drone  
  14  0:31  Drone x2  
  14  0:34  Drone  
  17  0:51  Hatchery  
  17  0:54  Drone  
  17  0:57  Drone  
  17  1:02  Extractor  
  17  1:13  Spawning Pool  
  17  1:16  Drone  
  17  1:19  Drone  
  18  1:28  Drone  
  19  1:38  Overlord  
  19  1:49  Drone  
  20  2:00  Queen  
  20  2:01  Zergling x2  
  23  2:02  Queen  
  23  2:04  Metabolic Boost  
  23  2:07  Drone  
  26  2:11  Drone  
  26  2:14  Drone  
  28  2:21  Drone  
  29  2:24  Drone  
  30  2:35  Hatchery  
  29  2:42  Queen  
  31  2:46  Overlord  
  31  2:53  Baneling Nest  
  31  2:56  Zergling x2  
  31  3:01  Drone x2  
  31  3:02  Drone  
  31  3:04  Drone  
  35  3:06  Drone  
  35  3:08  Drone  
  35  3:12  Overlord  
  37  3:16  Zergling x2  
  37  3:17  Zergling x2  
  37  3:19  Drone  
  40  3:22  Drone  
  40  3:23  Drone  
  42  3:29  Drone x2  
  43  3:35  Drone  
  43  3:40  Baneling  
  43  3:41  Baneling  
  44  3:44  Zergling x6  
  44  3:45  Drone  
  49  3:48  Drone  
  49  3:50  Overlord  
  49  3:51  Drone x2  
  49  3:54  Evolution Chamber  
  49  4:06  Baneling x2  
  49  4:07  Zergling x6  
  51  4:10  Drone x2  
  51  4:13  Drone x2  
  51  4:15  Zergling x2  
  56  4:17  Zergling x2  
  56  4:18  Baneling, Zergling x2  
  56  4:20  Overlord  
  56  4:21  Zergling x4  
  59  4:33  Zergling x14  
  59  4:34  Baneling x2  
  59  4:37  Drone  
  58  4:39  Extractor  
  58  4:44  Zergling x2  
  58  4:46  Drone x2  
  60  4:54  Zergling x16  
  60  4:56  Drone  
  60  4:57  Drone  
  69  5:04  Drone x2  
  60  5:11  Drone x2  
  60  5:12  Drone  
  62  5:16  Zerg Missile Weapons Level 1  
  62  5:17  Drone  
  62  5:19  Drone  
  61  5:27  Drone x2  
  63  5:28  Roach Warren  
  63  5:33  Drone x3  
  59  5:38  Zergling x4  
  59  5:39  Drone x2  
  62  5:47  Drone, Lair  
  62  5:48  Drone x2  
  62  5:49  Drone  
  63  5:53  Drone x2  
  63  5:56  Zergling x6  
  63  5:58  Drone  
  63  5:59  Drone  
  63  6:02  Extractor, Baneling x2  
  63  6:03  Extractor  
  63  6:07  Zergling x6  
  66  6:12  Roach x3  
  66  6:16  Roach  
  74  6:20  Overlord  
  74  6:21  Overlord x2  
  74  6:22  Baneling  
  70  6:34  Drone x6  
  73  6:44  Roach x4, Overlord  
  73  6:45  Drone  
  73  6:46  Extractor, Glial Reconstitution  
  81  6:52  Spire  
  80  6:54  Extractor  
  80  6:58  Drone  
  80  6:59  Drone  
  80  7:01  Drone x2  
  83  7:02  Drone  
  83  7:03  Drone x2  
  83  7:05  Drone x2  
  88  7:11  Zerg Missile Weapons Level 2, Overlord  
  88  7:14  Drone x2  
  88  7:15  Drone  
  91  7:17  Drone  
  91  7:18  Drone  
  91  7:20  Drone  
  91  7:21  Drone  
  95  7:24  Roach x2  
  95  7:29  Overlord  
  99  7:35  Hatchery  
  97  7:45  Roach x5  
  107  8:05  Drone  
  108  8:06  Mutalisk x6  
  108  8:09  Overlord x2  
  108  8:10  Overlord  
  108  8:11  Spore Crawler, Mutalisk  
  122  8:14  Overlord x2  
  122  8:15  Extractor  
  122  8:17  Centrifical Hooks  
  121  8:29  Drone  
  121  8:30  Drone x4  
  121  8:31  Roach  
  121  8:32  Roach x2  
  132  8:34  Roach  
  132  8:35  Roach x2  
  132  8:39  Overlord  
  132  8:40  Roach x2  
  132  8:41  Roach  
  144  8:46  Roach x3  
  150  8:51  Baneling x2  
  150  8:54  Roach x3  
  156  9:08  Roach x9  
  174  9:17  Overlord x4  
  174  9:28  Overlord  
  174  9:29  Overlord  
  174  9:30  Overlord  
  173  9:37  Zergling x10  
  178  9:38  Zergling x2  
  178  9:39  Zergling x6  
  178  9:44  Ravager x2  
  178  9:45  Ravager x2  
  188  9:47  Zergling x6  
  188  9:50  Zergling x2  
  192  9:54  Zergling x6  
  192  9:55  Overseer  
  192  9:56  Baneling x8  
  192  9:59  Baneling x12  
  193  10:00  Baneling x2  
  193  10:02  Baneling x3  
  193  10:04  Baneling  
  193  10:05  Baneling x2  
  193  10:06  Baneling x4  
  189  10:15  Roach x5  
  195  10:22  Baneling x8  
  188  10:30  Overlord  
  186  10:39  Roach x12  

Tags
 
Add a new tag
Caveats
  • Supply blocks, unpowered buildings, or Contaminate may cause inaccurate times.
  • Supply counts are checked every 10 seconds.